[Event "ICC tourney 3231 (40 10)"]
[Site "Internet Chess Club"]
[Date "2023.07.08"]
[Round "5"]
[White "Kavari, Aarav:aaravkav"]
[Black "HAO, RYAN:Ryan334"]
[Result "1-0"]
[ICCResult "Black checkmated"]
[WhiteElo "1180"]
[BlackElo "1609"]
[Opening "Nimzovich-Larsen attack: classical variation"]
[ECO "A01"]
[NIC "VO.08"]
[Time "20:00:17"]
[PlyCount "83"]
[TimeControl "2400+10"]

1. b3 d5 2. Bb2 e6 3. e3 c5 4. Nf3 Nc6 5. d4 Nf6 6. Be2 b6 7. O-O Bb7 8.
Nbd2 Be7 9. c4 O-O 10. Rc1 Rc8 11. Ne5 Nd7 12. Ndf3 f6 13. Nxd7 Qxd7 14.
dxc5 bxc5 15. cxd5 exd5 16. Qd2 Rfd8 17. Rfd1 Qe6 18. a3 Ne5 19. h3 c4 20.
Nxe5 fxe5 21. Bg4 Qg6 22. Bxc8 Bxc8 23. Kh1 cxb3 24. Bxe5 Bxa3 25. Rb1 Qh5
26. Rxb3 Qxe5 27. Rxa3 a6 28. Qd4 Qh5 29. e4 Bb7 30. Rg3 Qh6 31. e5 Ra8 32.
e6 a5 33. Re1 a4 34. e7 Bc6 35. Qb6 Qf6 36. e8=Q+ Bxe8 37. Qxf6 Bg6 38. Rxg6
hxg6 39. Qxg6 Rf8 40. Re7 Rf7 41. Qxf7+ Kh8 42. Qxg7# {Black checkmated} 1-0

[Event "ICC tourney 3231 (40 10)"]
[Site "Internet Chess Club"]
[Date "2023.07.08"]
[Round "5"]
[White "Butenko, Zlata:butik666"]
[Black "THAIN, JACK:jt1819"]
[Result "0-1"]
[ICCResult "White resigns"]
[WhiteElo "1637"]
[BlackElo "1724"]
[Opening "Caro-Kann: Tartakower (fantasy) variation"]
[ECO "B12"]
[NIC "CK.02"]
[Time "20:00:12"]
[PlyCount "68"]
[TimeControl "2400+10"]

1. e4 c6 2. d4 d5 3. f3 dxe4 4. fxe4 e5 5. Nf3 Bg4 6. Bc4 Nd7 7. O-O Ngf6 8.
c3 Bd6 9. Qe1 O-O 10. Nbd2 b5 11. Bb3 Qc7 12. h3 Bh5 13. Nh4 Rfe8 14. Nf5
Bf8 15. Qh4 Bg6 16. Bc2 a5 17. Qg3 Qb6 18. Qe3 exd4 19. cxd4 c5 20. d5 Nxd5
21. Qg5 Nb4 22. Bb1 Ne5 23. h4 f6 24. Qg3 Rad8 25. Nb3 a4 26. Nd2 Nbd3 27.
Nf3 Nxc1 28. Rxc1 c4+ 29. Kh1 Bxf5 30. exf5 Nxf3 31. Qxf3 Re3 32. Qg4 Rd4
33. Qh5 Rd2 34. Qg4 Ree2 {White resigns} 0-1

[Event "ICC tourney 3231 (40 10)"]
[Site "Internet Chess Club"]
[Date "2023.07.08"]
[Round "5"]
[White "S.M, UMER:uncrackable"]
[Black "GHOSH, YOHAN:luckylion"]
[Result "1/2-1/2"]
[ICCResult "Game drawn by mutual agreement"]
[WhiteElo "1843"]
[BlackElo "1830"]
[Opening "Queen's pawn game"]
[ECO "D02"]
[NIC "QP.08"]
[Time "20:01:06"]
[PlyCount "66"]
[TimeControl "2400+10"]

1. d4 d5 2. Nf3 e6 3. Bf4 c5 4. e3 Nf6 5. Nbd2 Nc6 6. c3 Be7 7. Ne5 Nxe5 8.
dxe5 Nd7 9. h4 h5 10. Nf3 Qc7 11. Bd3 b6 12. Qe2 Bb7 13. e4 O-O-O 14. exd5
Bxd5 15. Bg3 Qc6 16. c4 Bxf3 17. gxf3 Nb8 18. O-O-O Qc7 19. Be4 Nc6 20. Bxc6
Qxc6 21. Kb1 Kc7 22. Qe4 Qxe4+ 23. fxe4 Rxd1+ 24. Rxd1 Rd8 25. Rxd8 Bxd8 26.
Kc2 Kc6 27. a3 Be7 28. Kc3 a6 29. b3 Bf8 30. f3 Be7 31. f4 g6 32. Bf2 a5 33.
a4 Kd7 {Game drawn by mutual agreement} 1/2-1/2

[Event "ICC tourney 3231 (40 10)"]
[Site "Internet Chess Club"]
[Date "2023.07.08"]
[Round "5"]
[White "BERKLEY, DARRIN K:drberkley"]
[Black "JAIN, PIYUSH:Piyush786"]
[Result "0-1"]
[ICCResult "White checkmated"]
[WhiteElo "1874"]
[BlackElo "1772"]
[Opening "Scandinavian (center counter) defense"]
[ECO "B01"]
[NIC "VO.17"]
[Time "20:07:02"]
[PlyCount "112"]
[TimeControl "2400+10"]

1. e4 d5 2. exd5 e6 3. dxe6 Bxe6 4. Nf3 Bd6 5. d4 Qe7 6. Be2 Nf6 7. O-O Nc6
8. c4 O-O-O 9. Kh1 Bc5 10. Be3 Bg4 11. Nbd2 Nxd4 12. Nxd4 Bxe2 13. Nxe2 Bxe3
14. fxe3 Qxe3 15. Qb3 Qxd2 16. Qf3 Rhe8 17. Ng3 Re3 18. Qf5+ Kb8 19. Qf2 a6
20. Rad1 Qxd1 21. Qxe3 Qd3 22. Qxd3 Rxd3 23. Nf5 g6 24. Ng3 Nd7 25. Rxf7
Rd1+ 26. Nf1 Ne5 27. Rf8+ Ka7 28. b3 Ng4 29. Kg1 Ne3 30. Rf3 Rxf1+ 31. Rxf1
Nxf1 32. Kxf1 Kb6 33. b4 a5 34. a3 axb4 35. axb4 c5 36. b5 Ka5 37. Ke2 Kb4
38. Kd3 h5 39. b6 g5 40. h3 h4 41. Ke4 Kxc4 42. Kf5 Kb5 43. Kxg5 c4 44. Kxh4
c3 45. Kg5 c2 46. h4 c1=Q+ 47. Kh5 Kxb6 48. g4 Kc6 49. g5 Kd6 50. Kh6 Ke6
51. Kg6 Qc2+ 52. Kg7 Qf5 53. g6 Qh5 54. Kg8 Qxg6+ 55. Kh8 Kf7 56. h5 Qg7#
{White checkmated}
0-1

[Event "ICC tourney 3231 (40 10)"]
[Site "Internet Chess Club"]
[Date "2023.07.08"]
[Round "5"]
[White "WU, WINSTON:qjet"]
[Black "SULTAN, BASHIR Cisse:muzikmixer"]
[Result "1/2-1/2"]
[ICCResult "Game drawn by mutual agreement"]
[WhiteElo "1649"]
[BlackElo "1590"]
[Opening "French: advance variation"]
[ECO "C02"]
[NIC "FR.03"]
[Time "20:00:14"]
[PlyCount "165"]
[TimeControl "2400+10"]

1. e4 e6 2. d4 d5 3. e5 c5 4. c3 Bd7 5. Bd3 Nc6 6. Nf3 f6 7. O-O fxe5 8.
dxe5 Qc7 9. Re1 O-O-O 10. Bf4 h6 11. Bg3 g5 12. Bc2 Bg7 13. Na3 a6 14. c4 d4
15. Be4 Nge7 16. Nc2 Rdf8 17. h3 Be8 18. Qd3 Nf5 19. Bxf5 Rxf5 20. Qe2 Qd8
21. Rad1 Bh5 22. Rd3 Rhf8 23. Red1 Bxf3 24. Rxf3 Rxf3 25. gxf3 Qc7 26. Re1
Rf5 27. a3 Nxe5 28. Bxe5 Rxe5 29. Qd2 Rxe1+ 30. Qxe1 Qe5 31. Qxe5 Bxe5 32.
Ne1 Bf4 33. Nd3 b6 34. a4 a5 35. b3 Kc7 36. Kf1 Kd6 37. Ke2 e5 38. Kf1 Ke6
39. Ke2 Kf5 40. Kf1 e4 41. fxe4+ Kxe4 42. Ke2 Bd6 43. f3+ Kf5 44. Kf2 Kg6
45. h4 gxh4 46. Kg2 Kg5 47. Kh3 Bf4 48. Kg2 Be3 49. Kh3 Bf4 50. Kg2 Be3 51.
Kh3 Bd2 52. Kg2 Bf4 53. Kh3 Bc7 54. Kg2 h3+ 55. Kxh3 Kh5 56. Nf2 Bf4 57. Nd3
Be3 58. Kg3 Kg5 59. Kh3 h5 60. Kg3 Bf4+ 61. Kg2 Bc7 62. Kh3 Bd6 63. Kg2 Kh4
64. Nf2 Bc7 65. Nd3 Bg3 66. Nb2 Be1 67. Nd3 Bd2 68. Nf2 Bf4 69. Nd3 Be3 70.
Nb2 Kg5 71. Nd3 h4 72. Kh3 Bf4 73. Kg2 Bg3 74. Kh3 Kf5 75. Kg2 Bd6 76. Kh3
Kg5 77. Kg2 Kh5 78. Kh3 Bc7 79. Kg2 h3+ 80. Kxh3 Bd6 81. f4 Bc7 82. Kg3 Bd6
83. Kh3 {Game drawn by mutual agreement} 1/2-1/2